 Dungeon Crawl Stone Soup version 0.29.0-4-gdea44cf6ec (webtiles) character file.

Game seed: 4745859332802380991

16243 qw the Brawler (level 12, -4/118 HPs)
             Began as a Troll Cinder Acolyte on Aug 31, 2022.
             Was a Follower of Okawaru.
             Slain by a death yak (6 damage)
             ... on level 2 of the Lair of Beasts.
             The game lasted 00:06:22 (9118 turns).

qw the Brawler (Troll Cinder Acolyte)               Turns: 9118, Time: 00:06:23

Health: -4/118     AC:  7    Str: 29    XL:     12   Next: 8%
Magic:  10/12      EV: 14    Int: 10    God:    Okawaru [*.....]
Gold:   237        SH:  0    Dex:  5    Spells: 13/13 levels left

rFire   . . .      SeeInvis .     - Unarmed
rCold   . . .      Faith    .   (no shield)
rNeg    . . .      Spirit   .   a - +0 robe
rPois   .          Reflect  .   (helmet restricted)
rElec   .          Harm     .   j - +2 cloak
rCorr   .          Rampage  .   (gloves unavailable)
Will    .....                   (boots unavailable)
Stlth   ++........              (no amulet)
HPRegen 1.09/turn               e - +4 ring of evasion
MPRegen 0.13/turn               d - ring of protection from fire

@: heroic, fire susceptible
A: large, unfitting armour, claws 3, regeneration 1, shaggy fur 1, tough skin 1
a: Renounce Religion, Heroism


You were on level 2 of the Lair of Beasts.
You worshipped Okawaru.
Okawaru was aware of your devotion.
You visited 2 branches of the dungeon, and saw 10 of its levels.

You collected 537 gold pieces.
You spent 300 gold pieces at shops.


Innate Abilities, Weirdness & Mutations

You are too large for most types of armour.
You have claws for hands.
Your natural rate of healing is unusually fast.
You are covered in fur. (AC +1)
You have tough skin. (AC +1)


   Skills:
 - Level 7.0(12.0) Fighting
 - Level 0.9(5.9) Throwing
 - Level 1.2(6.2) Armour
 - Level 2.1(7.1) Dodging
 + Level 17.6(22.6) Unarmed Combat
 - Level 1.0 Spellcasting
 - Level 2.1 Fire Magic
 + Level 1.2 Invocations


You had 13 spell levels left.
You didn't know any spells.
Your spell library contained the following spells:

 Spells                   Type           Power      Damage    Failure   Level
 Scorch                   Fire           8%         2d5       22%         2

Inventory:

Armour
 a - a +0 robe (worn)
 j - a +2 cloak (worn)
Jewellery
 b - the ring of Uskayaw's Regard {Fly rC+ Int+2}
   (You acquired it on level 1 of the Dungeon)

   [ring of flight]

   Int:       It affects your intelligence (+2).
   rC:        It protects you from cold.
   Fly:       It grants you flight.
 d - a ring of protection from fire (right claw)
 e - a +4 ring of evasion (left claw)
 k - a ring of fire
Scrolls
 i - 2 scrolls of identify
 Y - a scroll of enchant weapon
Potions
 c - 3 potions of might
 m - 6 potions of curing
 n - a potion of mutation

Dungeon Overview and Level Annotations

Branches:
Dungeon (8/15)             Temple (0/1) D:4            Lair (2/5) D:8
  Swamp: Lair:2-3    Shoals: Lair:2-3     Snake: Lair:2-3    Spider: Lair:2-3

Altars:
Dithmenos
Fedhas
Okawaru
Qazlal
The Shining One

Shops:
D:8 !


Message History

9107 ||| DRINKING potion of heal wounds.
You feel much better. The bullfrog hits you.
The death yak gores you but does no damage.
The death yak barely misses you.
9108 ||| INVOKING Heroism.
You gain the combat prowess of a mighty hero.
The bullfrog barely misses you. The bullfrog completely misses you.
A death yak comes into view.
The death yak gores you but does no damage. x2
9109 ||| Stepping ~*~*~tactically~*~*~ (outnumbered).
The bullfrog attacks as you move away! The bullfrog closely misses you.
The death yak gores you.
You mangle the death yak!! You claw the death yak!!
The death yak is almost dead.
You claw the death yak!
The death yak is almost dead.
The bullfrog barely misses you. x2; The death yak gores you!!
You eviscerate the death yak!!!
You kill the death yak!
Okawaru accepts your kill. The bullfrog closely misses you.
The bullfrog hits you.
Your Invocations skill increases to level 1!
You scratch the bullfrog but do no damage.
The bullfrog barely misses you.
You scratch the death yak but do no damage.
The bullfrog barely misses you. The death yak closely misses you.
You barely miss the death yak. The bullfrog hits you.
You eviscerate the death yak!!!
The death yak is severely wounded.
The death yak closely misses you. The death yak gores you!
The bullfrog barely misses you.
You mangle the death yak!!
The death yak is almost dead.
The bullfrog barely misses you.
You barely miss the death yak.
The death yak is almost dead.
The death yak gores you.
You die...

#..#### #........ .
###...P####....... .Y##
##.......####......
.....
#.........###......
#YY.#..........##......
#..............#......
###.#F................
###YY...............
#@F.......#.......
####......#.......
#.##..##.......
########.#..... #.#....
#####.% ####' ##....
#P....


You could see 2 death yaks and 2 bullfrogs.

Vanquished Creatures
  Erica (Lair:2)
  3 death yaks (Lair:2)
  4 elephants (Lair:2)
  A torpor snail (Lair:2)
  5 cane toads
  3 komodo dragons
  A polar bear (Lair:1)
  A hornet (D:7)
  6 blink frogs
  17 yaks
  A wraith (D:8)
  3 basilisks (Lair:1)
  6 water moccasins
  4 orc warriors
  Duvessa (D:7)
  4 ice beasts
  2 black bears
  A sky beast (D:6)
  4 ogres
  3 centaurs
  14 wolves
  A phantom (D:4)
  A kobold brigand (D:8)
  Blork the orc (D:4)
  4 bullfrogs
  3 necrophages
  2 scorpions
  5 wights (D:8)
  Dowan (D:7)
  2 electric eels (D:8)
  2 howler monkeys (D:6)
  A hound (D:7)
  2 jellies
  Crazy Yiuf (D:2)
  4 orc priests
  Natasha (thrice) (D:2)
  4 iguanas
  3 orc wizards
  A centaur simulacrum (D:8)
  Robin (D:2)
  8 gnolls
  12 adders
  3 river rats (D:5)
  2 white imps (D:8)
  2 ufetubi (D:8)
  2 worms
  A dart slug (D:2)
  38 orcs
  5 bats
  12 endoplasms
  3 giant cockroaches
  23 goblins
  4 hobgoblins
  7 jackals
  4 quokkas
  12 ball pythons
  9 frilled lizards
  12 kobolds
  14 rats
300 creatures vanquished.

Vanquished Creatures (others)
  2 fungi (Lair:2)
  41 plants
43 creatures vanquished.

Grand Total: 343 creatures vanquished

Notes
Turn   | Place    | Note
-------+----------+-------------------------------------------
     0 | D:1      | qw the Troll Cinder Acolyte began the quest for the Orb.
     0 | D:1      | Reached XP level 1. HP: 22/22 MP: 1/1
     0 | D:1      | 0 ||| qw: Version: 0.1-a-97-g2dd2ca4
     0 | D:1      | 0 ||| qw: Game counter: 4517
     0 | D:1      | 0 ||| qw: Always use a shield: true
     0 | D:1      | 0 ||| qw: God list: Okawaru
     0 | D:1      | 0 ||| qw: Allow faded altars: false
     0 | D:1      | 0 ||| qw: Do Orc after D:15 true
     0 | D:1      | 0 ||| qw: Do second Lair branch before Depths: true
     0 | D:1      | 0 ||| qw: Lair rune preference: random
     0 | D:1      | 0 ||| qw: Plans: Normal
     0 | D:1      | 0 ||| PLANNING D:1-11
    18 | D:1      | 18 ||| Stepping ~*~*~tactically~*~*~ (outnumbered).
    67 | D:1      | Reached XP level 2. HP: 28/29 MP: 2/2
    97 | D:1      | Reached skill level 4 in Unarmed Combat
   230 | D:1      | Reached XP level 3. HP: 36/36 MP: 3/3
   275 | D:1      | Found a faded altar of an unknown god.
   818 | D:1      | 818 ||| READING scroll labelled DIRUTE CYHIA.
   819 | D:1      | 819 ||| READING scroll labelled HIQ FIATTOUV.
   820 | D:1      | 820 ||| READING scroll labelled YDODYS BEDU.
   820 | D:1      | Identified a scroll of acquirement
   820 | D:1      | 820 ||| ACQUIRING ring of Uskayaw's Regard {Fly rC+ Int+2}
   820 | D:1      | Acquired the ring of Uskayaw's Regard {Fly rC+ Int+2}
   822 | D:1      | 822 ||| UPGRADING to ring of Uskayaw's Regard {Fly rC+
                  | Int+2}.
   823 | D:1      | 823 ||| READING scroll labelled UMIK UFIAKAIXO.
   824 | D:1      | 824 ||| READING scroll labelled NUDOZE OJOMO.
   849 | D:2      | 849 ||| STAIRDANCE
   870 | D:2      | Reached XP level 4. HP: 44/44 MP: 4/4
   879 | D:2      | 879 ||| Stepping ~*~*~tactically~*~*~ (stealth).
   880 | D:2      | 880 ||| Stepping ~*~*~tactically~*~*~ (stealth).
   880 | D:2      | Noticed Natasha
   882 | D:2      | 882 ||| Stepping ~*~*~tactically~*~*~ (hiding).
   883 | D:2      | 883 ||| Stepping ~*~*~tactically~*~*~ (hiding).
   898 | D:2      | Killed Natasha
   899 | D:2      | Reached skill level 5 in Unarmed Combat
   980 | D:2      | 980 ||| Stepping ~*~*~tactically~*~*~ (outnumbered).
   981 | D:2      | 981 ||| Stepping ~*~*~tactically~*~*~ (outnumbered).
   982 | D:2      | 982 ||| Stepping ~*~*~tactically~*~*~ (outnumbered).
   983 | D:2      | 983 ||| Stepping ~*~*~tactically~*~*~ (outnumbered).
   992 | D:2      | Noticed Robin
   993 | D:2      | 993 ||| Stepping ~*~*~tactically~*~*~ (hiding).
   994 | D:2      | 994 ||| Stepping ~*~*~tactically~*~*~ (hiding).
   995 | D:2      | 995 ||| Stepping ~*~*~tactically~*~*~ (hiding).
   997 | D:2      | 997 ||| Stepping ~*~*~tactically~*~*~ (outnumbered).
   999 | D:2      | 999 ||| Stepping ~*~*~tactically~*~*~ (outnumbered).
  1000 | D:2      | 1000 ||| INVOKING Fiery Armour.
  1001 | D:2      | 1001 ||| Stepping ~*~*~tactically~*~*~ (outnumbered).
  1002 | D:2      | 1002 ||| Stepping ~*~*~tactically~*~*~ (outnumbered).
  1003 | D:2      | 1003 ||| Stepping ~*~*~tactically~*~*~ (outnumbered).
  1005 | D:2      | 1005 ||| Stepping ~*~*~tactically~*~*~ (outnumbered).
  1012 | D:2      | Killed Robin
  1013 | D:2      | Reached XP level 5. HP: 40/50 MP: 5/5
  1083 | D:2      | Noticed Natasha
  1084 | D:2      | 1084 ||| Stepping ~*~*~tactically~*~*~ (stealth).
  1119 | D:2      | 1119 ||| Stepping ~*~*~tactically~*~*~ (outnumbered).
  1120 | D:2      | 1120 ||| Stepping ~*~*~tactically~*~*~ (outnumbered).
  1121 | D:2      | 1121 ||| Stepping ~*~*~tactically~*~*~ (outnumbered).
  1131 | D:2      | Killed Natasha
  1132 | D:2      | Reached skill level 6 in Unarmed Combat
  1148 | D:2      | Found a runed translucent door.
  1149 | D:2      | Noticed Crazy Yiuf
  1191 | D:2      | Noticed Natasha
  1193 | D:2      | 1193 ||| Stepping ~*~*~tactically~*~*~ (hiding).
  1203 | D:2      | 1203 ||| Stepping ~*~*~tactically~*~*~ (outnumbered).
  1204 | D:2      | 1204 ||| Stepping ~*~*~tactically~*~*~ (hiding).
  1206 | D:2      | 1206 ||| INVOKING Fiery Armour.
  1209 | D:2      | Killed Natasha
  1279 | D:2      | 1279 ||| UPGRADING to ring of protection from fire.
  1280 | D:2      | 1280 ||| READING scroll labelled YHOPTE ORYUFRA.
  1281 | D:2      | 1281 ||| DRINKING 2 smoky green potions.
  1282 | D:2      | 1282 ||| Stepping randomly (stuck).
  1285 | D:2      | 1285 ||| Stepping randomly (stuck).
  1286 | D:2      | 1286 ||| Stepping randomly (stuck).
  1287 | D:2      | 1287 ||| Stepping randomly (stuck).
  1288 | D:2      | 1288 ||| Stepping randomly (stuck).
  1289 | D:2      | 1289 ||| Stepping randomly (stuck).
  1290 | D:2      | 1290 ||| Stepping randomly (stuck).
  1291 | D:2      | 1291 ||| Stepping randomly (stuck).
  1292 | D:2      | 1292 ||| Stepping randomly (stuck).
  1293 | D:2      | 1293 ||| Stepping randomly (stuck).
  1294 | D:2      | 1294 ||| Stepping randomly (stuck).
  1295 | D:2      | 1295 ||| Stepping randomly (stuck).
  1297 | D:2      | 1297 ||| Stepping randomly (stuck).
  1298 | D:2      | 1298 ||| Stepping randomly (stuck).
  1299 | D:2      | 1299 ||| Stepping randomly (stuck).
  1300 | D:2      | 1300 ||| Stepping randomly (stuck).
  1301 | D:2      | 1301 ||| Stepping randomly (stuck).
  1304 | D:2      | 1304 ||| Stepping randomly (stuck).
  1305 | D:2      | 1305 ||| Stepping randomly (stuck).
  1306 | D:2      | 1306 ||| Stepping randomly (stuck).
  1311 | D:2      | 1311 ||| Stepping randomly (stuck).
  1318 | D:2      | 1318 ||| READING scroll labelled VOQOLOZIUJYE.
  1349 | D:2      | 1349 ||| Stepping randomly (stuck).
  1351 | D:2      | 1351 ||| Stepping randomly (stuck).
  1357 | D:2      | 1357 ||| Stepping randomly (stuck).
  1358 | D:2      | 1358 ||| Stepping randomly (stuck).
  1359 | D:2      | 1359 ||| Stepping randomly (stuck).
  1376 | D:2      | 1376 ||| READING scroll labelled BOCRES AHEB.
  1377 | D:2      | 1377 ||| Stepping randomly (stuck).
  1378 | D:2      | 1378 ||| Stepping randomly (stuck).
  1379 | D:2      | 1379 ||| Stepping randomly (stuck).
  1380 | D:2      | 1380 ||| Stepping randomly (stuck).
  1381 | D:2      | 1381 ||| Stepping randomly (stuck).
  1382 | D:2      | 1382 ||| Stepping randomly (stuck).
  1383 | D:2      | 1383 ||| Stepping randomly (stuck).
  1411 | D:2      | 1411 ||| READING scroll labelled LEID ARONUBBEBB.
  1648 | D:2      | 1648 ||| Stepping randomly (stuck).
  1650 | D:2      | 1650 ||| Stepping randomly (stuck).
  1651 | D:2      | 1651 ||| Stepping randomly (stuck).
  1652 | D:2      | 1652 ||| Stepping randomly (stuck).
  1653 | D:2      | 1653 ||| Stepping randomly (stuck).
  1660 | D:2      | 1660 ||| Stepping randomly (stuck).
  1662 | D:2      | 1662 ||| Stepping randomly (stuck).
  1743 | D:2      | 1743 ||| Stepping randomly (stuck).
  1746 | D:2      | Killed Crazy Yiuf
  1873 | D:2      | 1873 ||| UPGRADING to +0 cloak.
  2031 | D:3      | 2031 ||| READING scroll of enchant armour.
  2031 | D:3      | 2031 ||| ENCHANTING +0 cloak.
  2068 | D:3      | Reached XP level 6. HP: 59/59 MP: 6/6
  2111 | D:3      | 2111 ||| Stepping ~*~*~tactically~*~*~ (outnumbered).
  2113 | D:3      | 2113 ||| INVOKING Fiery Armour.
  2117 | D:3      | 2117 ||| Stepping ~*~*~tactically~*~*~ (outnumbered).
  2121 | D:3      | Reached skill level 7 in Unarmed Combat
  2128 | D:3      | 2128 ||| FLEEEEING.
  2130 | D:3      | 2130 ||| FLEEEEING.
  2131 | D:3      | 2131 ||| FLEEEEING.
  2134 | D:3      | 2134 ||| FLEEEEING.
  2135 | D:3      | 2135 ||| FLEEEEING.
  2205 | D:3      | Found a blossoming altar of Fedhas.
  2452 | D:3      | Found a stormy altar of Qazlal.
  2520 | D:3      | 2520 ||| DRINKING 2 fuming blue potions.
  2624 | D:3      | 2624 ||| READING 3 scrolls of identify.
  2624 | D:3      | 2624 ||| IDENTIFYING bubbling brown potion
  2625 | D:3      | 2625 ||| READING 2 scrolls of identify.
  2625 | D:3      | 2625 ||| IDENTIFYING golden potion
  2626 | D:3      | 2626 ||| DROPPING potion of degeneration.
  2627 | D:3      | 2627 ||| DROPPING potion of lignification.
  2628 | D:3      | 2628 ||| DROPPING potion of berserk rage.
  2650 | D:4      | Found a staircase to the Ecumenical Temple.
  2693 | D:4      | Noticed Blork the orc
  2696 | D:4      | 2696 ||| INVOKING Fiery Armour.
  2700 | D:4      | Killed Blork the orc
  2701 | D:4      | 2701 ||| FLEEEEING.
  2702 | D:4      | 2702 ||| FLEEEEING.
  2703 | D:4      | 2703 ||| FLEEEEING.
  2704 | D:4      | 2704 ||| FLEEEEING.
  2705 | D:4      | 2705 ||| FLEEEEING.
  2706 | D:4      | 2706 ||| STAIRDANCE
  2768 | D:4      | Reached skill level 8 in Unarmed Combat
  2768 | D:4      | Reached XP level 7. HP: 66/66 MP: 7/7
  2828 | D:4      | 2828 ||| READING scroll of enchant armour.
  2828 | D:4      | 2828 ||| ENCHANTING +1 cloak.
  3070 | D:4      | Reached skill level 3 in Fighting
  3196 | D:4      | 3196 ||| Stepping ~*~*~tactically~*~*~ (stealth).
  3197 | D:4      | 3197 ||| Stepping ~*~*~tactically~*~*~ (stealth).
  3267 | D:4      | 3267 ||| DROPPING scarf of invisibility.
  3276 | D:5      | Entered Level 5 of the Dungeon
  3277 | D:5      | 3277 ||| PLANNING SEWER
  3654 | D:5      | 3654 ||| Stepping ~*~*~tactically~*~*~ (hiding).
  3657 | D:5      | 3657 ||| Stepping ~*~*~tactically~*~*~ (hiding).
  3761 | D:5      | Reached skill level 9 in Unarmed Combat
  3803 | D:5      | 3803 ||| Stepping ~*~*~tactically~*~*~ (stealth).
  3807 | D:5      | 3807 ||| Stepping ~*~*~tactically~*~*~ (hiding).
  3816 | D:5      | Reached skill level 1 in Dodging
  3824 | D:5      | Reached XP level 8. HP: 49/75 MP: 8/8
  3922 | D:5      | 3922 ||| Stepping ~*~*~tactically~*~*~ (outnumbered).
  3923 | D:5      | 3923 ||| Stepping ~*~*~tactically~*~*~ (outnumbered).
  3937 | D:5      | Found a glowing drain.
  3940 | D:5      | 3940 ||| Stepping ~*~*~tactically~*~*~ (outnumbered).
  3947 | D:5      | 3947 ||| READING 2 scrolls labelled POLEVI VOTUI.
  3948 | D:5      | 3948 ||| DROPPING scroll of poison.
  3949 | D:5      | 3949 ||| READING 2 scrolls of teleportation.
  3950 | D:5      | 3950 ||| RIP SEWER
  3950 | D:5      | 3950 ||| PLANNING D:1-11
  4298 | D:5      | 4298 ||| DRINKING 2 amethyst potions.
  4374 | D:6      | Reached skill level 10 in Unarmed Combat
  4374 | D:6      | 4374 ||| FLEEEEING.
  4434 | D:6      | 4434 ||| Stepping ~*~*~tactically~*~*~ (outnumbered).
  4436 | D:6      | 4436 ||| Stepping ~*~*~tactically~*~*~ (outnumbered).
  4437 | D:6      | 4437 ||| Stepping ~*~*~tactically~*~*~ (outnumbered).
  4438 | D:6      | 4438 ||| Stepping ~*~*~tactically~*~*~ (outnumbered).
  4684 | D:6      | Found a shadowy altar of Dithmenos.
  4901 | D:6      | 4901 ||| READING 2 scrolls labelled IMUR GIPLA.
  4938 | D:6      | 4938 ||| DRINKING 2 silvery potions.
  4939 | D:6      | 4939 ||| READING 4 scrolls of identify.
  4939 | D:6      | 4939 ||| IDENTIFYING lumpy grey potion
  4940 | D:6      | 4940 ||| READING 3 scrolls of identify.
  4940 | D:6      | 4940 ||| IDENTIFYING bubbling ruby potion
  4941 | D:6      | 4941 ||| READING 2 scrolls of identify.
  4941 | D:6      | 4941 ||| IDENTIFYING metallic grey potion
  4942 | D:6      | 4942 ||| DROPPING potion of brilliance.
  4943 | D:6      | 4943 ||| DROPPING potion of attraction.
  4944 | D:6      | 4944 ||| DROPPING potion of ambrosia.
  4945 | D:6      | 4945 ||| DROPPING scroll of torment.
  5077 | D:7      | Noticed a hornet
  5080 | D:7      | Killed a hornet
  5081 | D:7      | Reached skill level 11 in Unarmed Combat
  5096 | D:7      | Noticed Dowan
  5097 | D:7      | Noticed Duvessa
  5098 | D:7      | 5098 ||| INVOKING Fiery Armour.
  5100 | D:7      | Killed Duvessa
  5101 | D:7      | Reached XP level 9. HP: 84/84 MP: 9/9
  5103 | D:7      | Killed Dowan
  5181 | D:7      | 5181 ||| DRINKING 3 potions of curing.
  5181 | D:7      | 5181 ||| (to cure confusion)
  5188 | D:7      | 5188 ||| Stepping ~*~*~tactically~*~*~ (outnumbered).
  5189 | D:7      | 5189 ||| Stepping ~*~*~tactically~*~*~ (outnumbered).
  5190 | D:7      | 5190 ||| Stepping ~*~*~tactically~*~*~ (outnumbered).
  5191 | D:7      | 5191 ||| Stepping ~*~*~tactically~*~*~ (outnumbered).
  5192 | D:7      | 5192 ||| Stepping ~*~*~tactically~*~*~ (outnumbered).
  5194 | D:7      | 5194 ||| Stepping ~*~*~tactically~*~*~ (outnumbered).
  5195 | D:7      | 5195 ||| Stepping ~*~*~tactically~*~*~ (outnumbered).
  5196 | D:7      | 5196 ||| Stepping ~*~*~tactically~*~*~ (outnumbered).
  5200 | D:7      | 5200 ||| Stepping ~*~*~tactically~*~*~ (outnumbered).
  5201 | D:7      | 5201 ||| Stepping ~*~*~tactically~*~*~ (outnumbered).
  5202 | D:7      | 5202 ||| Stepping ~*~*~tactically~*~*~ (outnumbered).
  5203 | D:7      | 5203 ||| Stepping ~*~*~tactically~*~*~ (outnumbered).
  5205 | D:7      | 5205 ||| Stepping ~*~*~tactically~*~*~ (outnumbered).
  5280 | D:7      | 5280 ||| Stepping ~*~*~tactically~*~*~ (hiding).
  5287 | D:7      | 5287 ||| FLEEEEING.
  5288 | D:7      | 5288 ||| FLEEEEING.
  5289 | D:7      | 5289 ||| FLEEEEING.
  5290 | D:7      | 5290 ||| FLEEEEING.
  5291 | D:7      | 5291 ||| FLEEEEING.
  5292 | D:7      | 5292 ||| FLEEEEING.
  5293 | D:7      | 5293 ||| FLEEEEING.
  5294 | D:7      | 5294 ||| FLEEEEING.
  5295 | D:7      | 5295 ||| FLEEEEING.
  5296 | D:7      | 5296 ||| FLEEEEING.
  5297 | D:7      | 5297 ||| FLEEEEING.
  5298 | D:7      | 5298 ||| FLEEEEING.
  5300 | D:7      | 5300 ||| STAIRDANCE
  5402 | D:6      | 5402 ||| DROPPING +6 ring of intelligence.
  5405 | D:7      | 5405 ||| Stepping ~*~*~tactically~*~*~ (hiding).
  5406 | D:7      | 5406 ||| Stepping ~*~*~tactically~*~*~ (hiding).
  5564 | D:7      | Reached skill level 12 in Unarmed Combat
  5573 | D:7      | Found a glowing golden altar of the Shining One.
  5622 | D:7      | 5622 ||| UPGRADING to +4 ring of evasion.
  5648 | D:8      | 5648 ||| Stepping ~*~*~tactically~*~*~ (stealth).
  5649 | D:8      | 5649 ||| Stepping ~*~*~tactically~*~*~ (hiding).
  5659 | D:8      | 5659 ||| INVOKING Fiery Armour.
  5662 | D:8      | 5662 ||| Stepping ~*~*~tactically~*~*~ (outnumbered).
  5663 | D:8      | 5663 ||| Stepping ~*~*~tactically~*~*~ (outnumbered).
  5664 | D:8      | 5664 ||| Stepping ~*~*~tactically~*~*~ (outnumbered).
  5665 | D:8      | 5665 ||| Stepping ~*~*~tactically~*~*~ (outnumbered).
  5666 | D:8      | 5666 ||| Stepping ~*~*~tactically~*~*~ (outnumbered).
  5675 | D:8      | 5675 ||| Stepping ~*~*~tactically~*~*~ (outnumbered).
  5676 | D:8      | 5676 ||| Stepping ~*~*~tactically~*~*~ (outnumbered).
  5701 | D:8      | 5701 ||| Stepping ~*~*~tactically~*~*~ (stealth).
  5702 | D:8      | 5702 ||| FLEEEEING.
  5703 | D:8      | 5703 ||| FLEEEEING.
  5706 | D:8      | 5706 ||| FLEEEEING.
  5707 | D:8      | 5707 ||| STAIRDANCE
  5726 | D:8      | Identified the +0 leather armour of Bedevilment {Int+2
                  | Slay+2}
  5810 | D:8      | 5810 ||| Stepping ~*~*~tactically~*~*~ (stealth).
  5853 | D:8      | 5853 ||| Stepping ~*~*~tactically~*~*~ (hiding).
  5854 | D:8      | 5854 ||| Stepping ~*~*~tactically~*~*~ (stealth).
  5858 | D:8      | 5858 ||| Stepping ~*~*~tactically~*~*~ (outnumbered).
  5881 | D:8      | 5881 ||| Stepping ~*~*~tactically~*~*~ (stealth).
  5884 | D:8      | 5884 ||| INVOKING Fiery Armour.
  5887 | D:8      | 5887 ||| Stepping ~*~*~tactically~*~*~ (outnumbered).
  5888 | D:8      | 5888 ||| Stepping ~*~*~tactically~*~*~ (outnumbered).
  5889 | D:8      | 5889 ||| Stepping ~*~*~tactically~*~*~ (hiding).
  5895 | D:8      | 5895 ||| Stepping ~*~*~tactically~*~*~ (outnumbered).
  5939 | D:8      | Found an iron altar of Okawaru.
  6035 | D:8      | Noticed a komodo dragon
  6046 | D:8      | Killed a komodo dragon
  6047 | D:8      | Reached skill level 13 in Unarmed Combat
  6053 | D:8      | Found a staircase to the Lair.
  6125 | D:8      | 6125 ||| INVOKING Fiery Armour.
  6126 | D:8      | 6126 ||| Stepping ~*~*~tactically~*~*~ (outnumbered).
  6131 | D:8      | 6131 ||| Stepping ~*~*~tactically~*~*~ (outnumbered).
  6132 | D:8      | 6132 ||| Stepping ~*~*~tactically~*~*~ (outnumbered).
  6146 | D:8      | Reached skill level 1 in Armour
  6155 | D:8      | 6155 ||| FLEEEEING.
  6156 | D:8      | 6156 ||| FLEEEEING.
  6157 | D:8      | 6157 ||| FLEEEEING.
  6158 | D:8      | 6158 ||| FLEEEEING.
  6159 | D:8      | 6159 ||| FLEEEEING.
  6160 | D:8      | 6160 ||| FLEEEEING.
  6161 | D:8      | 6161 ||| FLEEEEING.
  6162 | D:8      | 6162 ||| FLEEEEING.
  6163 | D:8      | 6163 ||| FLEEEEING.
  6164 | D:8      | 6164 ||| FLEEEEING.
  6165 | D:8      | 6165 ||| FLEEEEING.
  6166 | D:8      | 6166 ||| FLEEEEING.
  6167 | D:8      | 6167 ||| FLEEEEING.
  6168 | D:8      | 6168 ||| FLEEEEING.
  6169 | D:8      | 6169 ||| FLEEEEING.
  6170 | D:8      | 6170 ||| FLEEEEING.
  6171 | D:8      | 6171 ||| FLEEEEING.
  6172 | D:8      | 6172 ||| FLEEEEING.
  6173 | D:8      | 6173 ||| FLEEEEING.
  6174 | D:8      | 6174 ||| FLEEEEING.
  6184 | D:8      | 6184 ||| Stepping ~*~*~tactically~*~*~ (outnumbered).
  6185 | D:8      | 6185 ||| Stepping ~*~*~tactically~*~*~ (outnumbered).
  6186 | D:8      | 6186 ||| Stepping ~*~*~tactically~*~*~ (outnumbered).
  6187 | D:8      | 6187 ||| Stepping ~*~*~tactically~*~*~ (outnumbered).
  6192 | D:8      | Reached XP level 10. HP: 67/96 MP: 10/10
  6282 | D:8      | 6282 ||| Stepping ~*~*~tactically~*~*~ (stealth).
  6344 | D:8      | Found Umimul's Distillery.
  6360 | D:8      | 6360 ||| Stepping ~*~*~tactically~*~*~ (outnumbered).
  6361 | D:8      | 6361 ||| Stepping ~*~*~tactically~*~*~ (outnumbered).
  6362 | D:8      | 6362 ||| Stepping ~*~*~tactically~*~*~ (outnumbered).
  6373 | D:8      | 6373 ||| BUYING 2 potions of curing (90 gold).
  6373 | D:8      | Bought 2 potions of curing for 90 gold pieces
  6373 | D:8      | 6373 ||| BUYING potion of heal wounds (75 gold).
  6373 | D:8      | Bought a potion of heal wounds for 75 gold pieces
  6373 | D:8      | 6373 ||| BUYING potion of heal wounds (75 gold).
  6373 | D:8      | Bought a potion of heal wounds for 75 gold pieces
  6373 | D:8      | 6373 ||| BUYING potion of might (60 gold).
  6373 | D:8      | Bought a potion of might for 60 gold pieces
  6420 | D:8      | 6420 ||| Stepping ~*~*~tactically~*~*~ (stealth).
  6422 | D:8      | 6422 ||| Stepping ~*~*~tactically~*~*~ (stealth).
  6423 | D:8      | 6423 ||| Stepping ~*~*~tactically~*~*~ (stealth).
  6441 | D:8      | 6441 ||| Stepping ~*~*~tactically~*~*~ (stealth).
  6454 | D:8      | 6454 ||| Stepping ~*~*~tactically~*~*~ (outnumbered).
  6464 | D:8      | 6464 ||| Stepping ~*~*~tactically~*~*~ (outnumbered).
  6465 | D:8      | 6465 ||| Stepping ~*~*~tactically~*~*~ (outnumbered).
  6466 | D:8      | 6466 ||| Stepping ~*~*~tactically~*~*~ (outnumbered).
  6467 | D:8      | 6467 ||| Stepping ~*~*~tactically~*~*~ (outnumbered).
  6468 | D:8      | 6468 ||| Stepping ~*~*~tactically~*~*~ (outnumbered).
  6469 | D:8      | 6469 ||| Stepping ~*~*~tactically~*~*~ (outnumbered).
  6471 | D:8      | Reached skill level 14 in Unarmed Combat
  6481 | D:8      | 6481 ||| Stepping ~*~*~tactically~*~*~ (stealth).
  6482 | D:8      | 6482 ||| Stepping ~*~*~tactically~*~*~ (stealth).
  6483 | D:8      | 6483 ||| Stepping ~*~*~tactically~*~*~ (stealth).
  6499 | D:8      | 6499 ||| Stepping ~*~*~tactically~*~*~ (stealth).
  6518 | D:8      | 6518 ||| Stepping ~*~*~tactically~*~*~ (stealth).
  6529 | D:8      | 6529 ||| Stepping ~*~*~tactically~*~*~ (outnumbered).
  6530 | D:8      | 6530 ||| Stepping ~*~*~tactically~*~*~ (outnumbered).
  6679 | D:8      | 6679 ||| READING scroll labelled FITAFOTHR JAUM.
  6680 | D:8      | 6680 ||| PLANNING LAIR
  6819 | Lair:1   | Entered Level 1 of the Lair of Beasts
  6834 | Lair:1   | 6834 ||| Stepping ~*~*~tactically~*~*~ (hiding).
  6836 | Lair:1   | 6836 ||| Stepping ~*~*~tactically~*~*~ (hiding).
  6851 | Lair:1   | HP: 24/96 [basilisk (6)]
  6853 | Lair:1   | HP: 8/96 [basilisk (5)]
  6854 | Lair:1   | HP: 3/96 [wolf (2)]
  6855 | Lair:1   | 6855 ||| READING 2 scrolls of teleportation.
  6855 | Lair:1   | HP: 1/96 [water moccasin (3)]
  6856 | Lair:1   | 6856 ||| DRINKING 5 potions of heal wounds.
  6857 | Lair:1   | 6857 ||| DRINKING 4 potions of heal wounds.
  6858 | Lair:1   | 6858 ||| INVOKING Fiery Armour.
  7051 | Lair:1   | Reached skill level 6 in Fighting
  7156 | Lair:1   | 7156 ||| INVOKING Fiery Armour.
  7241 | Lair:1   | 7241 ||| Stepping ~*~*~tactically~*~*~ (outnumbered).
  7242 | Lair:1   | 7242 ||| Stepping ~*~*~tactically~*~*~ (outnumbered).
  7243 | Lair:1   | 7243 ||| Stepping ~*~*~tactically~*~*~ (outnumbered).
  7247 | Lair:1   | Reached skill level 15 in Unarmed Combat
  7449 | Lair:1   | Noticed a cane toad
  7457 | Lair:1   | Killed a cane toad
  7458 | Lair:1   | Reached XP level 11. HP: 74/105 MP: 11/11
  7506 | Lair:1   | 7506 ||| Stepping ~*~*~tactically~*~*~ (hiding).
  7720 | Lair:1   | 7720 ||| Stepping ~*~*~tactically~*~*~ (stealth).
  7722 | Lair:1   | 7722 ||| Stepping ~*~*~tactically~*~*~ (stealth).
  7728 | Lair:1   | 7728 ||| Stepping ~*~*~tactically~*~*~ (outnumbered).
  7731 | Lair:1   | 7731 ||| Stepping ~*~*~tactically~*~*~ (outnumbered).
  7732 | Lair:1   | 7732 ||| Stepping ~*~*~tactically~*~*~ (outnumbered).
  8342 | Lair:1   | 8342 ||| DROPPING ring of flight.
  8343 | Lair:1   | 8343 ||| READING scroll labelled WIFEPOZOOM.
  8369 | Lair:2   | 8369 ||| STAIRDANCE
  8385 | Lair:2   | 8385 ||| STAIRDANCE
  8388 | Lair:1   | 8388 ||| INVOKING Fiery Armour.
  8453 | Lair:2   | Noticed Erica
  8460 | Lair:2   | Reached skill level 16 in Unarmed Combat
  8460 | Lair:2   | 8460 ||| STAIRDANCE
  8490 | Lair:2   | Killed Erica
  8497 | Lair:2   | Identified the +2 helmet of Gravitas {Str+4 Dex+6}
  8500 | Lair:2   | 8500 ||| Stepping ~*~*~tactically~*~*~ (stealth).
  8507 | Lair:2   | 8507 ||| INVOKING Fiery Armour.
  8641 | Lair:2   | 8641 ||| Stepping ~*~*~tactically~*~*~ (stealth).
  8644 | Lair:2   | 8644 ||| Stepping ~*~*~tactically~*~*~ (stealth).
  8706 | Lair:2   | 8706 ||| Stepping ~*~*~tactically~*~*~ (outnumbered).
  8815 | Lair:2   | Reached skill level 17 in Unarmed Combat
  8839 | Lair:2   | 8839 ||| PLANNING CONVERSION TO OKAWARU
  8896 | D:8      | Fell from the grace of Ignis
  8896 | D:8      | Became a worshipper of Warmaster Okawaru
  8897 | D:8      | 8897 ||| PLANNING LAIR
  8897 | D:8      | 8897 ||| READING 2 scrolls labelled ONEDEI ERATH.
  8969 | Lair:2   | 8969 ||| Stepping ~*~*~tactically~*~*~ (stealth).
  8988 | Lair:2   | Noticed a catoblepas
  8993 | Lair:2   | HP: 14/109 [catoblepas (31)]
  8994 | Lair:2   | 8994 ||| READING scroll of teleportation.
  8995 | Lair:2   | 8995 ||| DRINKING 3 potions of heal wounds.
  8996 | Lair:2   | 8996 ||| DRINKING 2 potions of heal wounds.
  8997 | Lair:2   | 8997 ||| Stepping ~*~*~tactically~*~*~ (cloud).
  9078 | Lair:2   | Noticed a death yak
  9087 | Lair:2   | Noticed a death yak
  9088 | Lair:2   | Noticed a death yak
  9091 | Lair:2   | 9091 ||| Stepping ~*~*~tactically~*~*~ (outnumbered).
  9092 | Lair:2   | Noticed a death yak
  9093 | Lair:2   | 9093 ||| Stepping ~*~*~tactically~*~*~ (stealth).
  9095 | Lair:2   | Killed a death yak
  9105 | Lair:2   | Killed a death yak
  9105 | Lair:2   | Reached * piety under Okawaru
  9106 | Lair:2   | Reached XP level 12. HP: 65/118 MP: 12/12
  9106 | Lair:2   | 9106 ||| INVOKING Heroism.
  9106 | Lair:2   | HP: 16/118 [death yak (25)]
  9107 | Lair:2   | 9107 ||| DRINKING potion of heal wounds.
  9108 | Lair:2   | 9108 ||| INVOKING Heroism.
  9108 | Lair:2   | Noticed a death yak
  9109 | Lair:2   | 9109 ||| Stepping ~*~*~tactically~*~*~ (outnumbered).
  9111 | Lair:2   | HP: 14/118 [death yak (20)]
  9112 | Lair:2   | Killed a death yak
  9113 | Lair:2   | Reached skill level 1 in Invocations
  9116 | Lair:2   | HP: 1/118 [death yak (11)]
  9118 | Lair:2   | Slain by a death yak

Levels and vault maps discovered:
D:1:      minmay_arrival_three_doors, layout_basic,
          ebering_ecumenical_altar_rust
D:2:      layout_rooms, minmay_puff, uniq_crazy_yiuf_cottage, uniq_natasha,
          uniq_robin
D:3:      layout_basic, mainiacjoe_overflow_chevrons, grunt_qazlal_sundering,
          minmay_misc_feat_tower, kennysheep_flooded_box
D:4:      layout_loops_cross, minmay_temple_entry_slanted, feat_on_display,
          uniq_blork_the_orc
D:5:      layout_basic, portal_sewer_entry_e
D:6:      layout_cave_pools, kennysheep_little_box
D:7:      layout_cave_pools, marbit_many_paths, palyth_stone_intersect,
          uniq_duvessa
D:8:      black_bear_nest_2, layout_cave_pools, lemuel_tele_altar,
          david_lair_shrubbed, special_room [special_room_orc], serial_ice,
          serial_ice_l, serial_ice_d, serial_ice_g, serial_ice_b, serial_ice_h,
          serial_ice_n, serial_ice_m, serial_ice_a, enter_bailey_3,
          serial_shops, shop, kennysheep_generic_room_13
Lair:1:   layout_layer_cave, st_stairs_10
Lair:2:   layout_roguey, lemuel_fruit_fields, grunt_megastairs_5, uniq_erica

Skill      XL: |  1  2  3  4  5  6  7  8  9 10 11 12 |
---------------+-------------------------------------+-----
Unarmed Combat | 4 5 6 8 9 11 13 15 17 | 17.6
Fighting       | 3 4 5 6 7 |  7.0
Dodging        | 1 2 |  2.1
Armour         | 1 |  1.2
Invocations    | 1 |  1.2
Throwing       | |  0.9
Spellcasting   | |  1.0
Fire Magic     | |  2.1

Action                   |  1- 3 |  4- 6 |  7- 9 | 10-12 || total
-------------------------+-------+-------+-------+-------++-------
Melee: Unarmed           |   101 |   147 |   300 |   275 ||   823
       Punch             |     1 |     1 |    14 |    23 ||    39
Throw: Boomerang         |       |       |       |     4 ||     4
Invok: Fiery Armour      |       |     4 |     4 |     4 ||    12
       Heroism           |       |       |       |     1 ||     1
  Use: Scroll            |     5 |     7 |     7 |     5 ||    24
       Potion            |       |     2 |     3 |     5 ||    10
Armor: Robe              |    27 |    63 |    95 |   106 ||   291
Dodge: Dodged            |    40 |    61 |   110 |   160 ||   371

Table legend:
 A = Non-vault XP
 B = Vault XP
 C = Vault XP percentage of total XP
 D = Non-vault monster count
 E = Vault monster count
 F = Vault count percentage of total count
                 A         B        C        D         E       F
            +---------+---------+-------+---------+---------+-------
      Total |   18632 |    4573 |  19.7 |     225 |      75 |  25.0
            +---------+---------+-------+---------+---------+-------
        D:1 |      82 |       0 |   0.0 |      37 |       0 |   0.0
        D:2 |     157 |     118 |  42.9 |      27 |      19 |  41.3
        D:3 |     138 |       0 |   0.0 |      23 |       0 |   0.0
        D:4 |     378 |      94 |  19.9 |      11 |       1 |   8.3
        D:5 |     601 |      46 |   7.1 |      21 |       8 |  27.6
        D:6 |     833 |       0 |   0.0 |      16 |       0 |   0.0
        D:7 |     659 |     294 |  30.8 |      12 |       3 |  20.0
        D:8 |    2416 |    1735 |  41.8 |      30 |      36 |  54.5
     Lair:1 |    4887 |     880 |  15.3 |      23 |       5 |  17.9
     Lair:2 |    8481 |    1406 |  14.2 |      25 |       3 |  10.7
            +---------+---------+-------+---------+---------+-------
